 Dungeon Crawl Stone Soup version 0.31-b1-20-g67cafac56d (webtiles) character file.

Game seed: 2931643439186961053

51 HakonGodeson the Slasher (level 3, -5/29 HPs)
             Began as a Human Chaos Knight on Jan 18, 2024.
             Was a Plaything of Xom.
             Slain by a gnoll
             ... wielding a +0 halberd
              (12 damage)
             ... on level 3 of the Dungeon.
             The game lasted 00:03:25 (1072 turns).

HakonGodeson the Slasher (Human Chaos Knight)       Turns: 1072, Time: 00:03:26

Health: -5/29      AC:  5    Str: 12    XL:     3   Next: 81%
Magic:  3/3        EV: 11    Int: 14    God:    Xom [......]
Gold:   95         SH:  0    Dex: 12    Spells: 2/2 levels left

rFire   . . .        a - +1 falchion (chaos)
rCold   . . .        (no shield)
rNeg    + . .        b - +2 leather armour
rPois   .            (no helmet)
rElec   .            (no cloak)
rCorr   .            (no gloves)
SInv    .            (no boots)
Will    .....        (no amulet)
Stlth   +            g - ring of positive energy
HPRegen 0.24/turn    (no ring)
MPRegen 0.08/turn

%: no passive effects
@: no status effects
A: explore regen
a: Renounce Religion


You were on level 3 of the Dungeon.
You worshipped Xom.
You were a very special plaything of Xom.
You visited 1 branch of the dungeon, and saw 3 of its levels.

You collected 95 gold pieces.

Inventory:

Hand Weapons
 a - a +1 falchion of chaos (weapon)
Armour
 b - a +2 leather armour (worn)
Jewellery
 g - a ring of positive energy (left hand)
Scrolls
 i - a scroll of vulnerability
Potions
 d - a potion of enlightenment
 e - 2 potions of lignification {unknown}
 f - 3 potions of might {unknown}


   Skills:
 * Level 3.4 Fighting
 * Level 1.1(2.6) Short Blades
 * Level 3.7(3.8) Long Blades
 * Level 2.1 Armour
 * Level 1.2 Dodging
 * Level 0.8 Stealth


You had 2 spell levels left.
You didn't know any spells.
Your spell library was empty.

Dungeon Overview and Level Annotations

Branches:
Dungeon (3/15)

Altars:


Innate Abilities, Weirdness & Mutations

You regain HP and MP as you explore.


Message History

You swap places.
Your butterfly disappears in a burst of colours!
The frilled lizard barely misses your butterfly.
The adder misses you.
Your butterfly disappears in a burst of colours!
The frilled lizard misses your butterfly.
Found a stone staircase leading down.
The adder bites you but does no damage.
The gnoll closely misses your butterfly.
The gnoll completely misses your butterfly.
The adder bites you.
You are poisoned.
The adder poisons you!
You feel sick.
Xom chortles.
The gnoll's +0 club erupts in a glittering mayhem of colour.
Your butterfly disappears in a burst of colours!
The frilled lizard attacks as it pursues you!
The frilled lizard misses you. The adder closely misses you.
You feel sick.
A gnoll comes into view. It is wielding a +0 club.
The frilled lizard misses you. The adder attacks as it pursues you!
The adder bites you.
You feel sick. The adder barely misses you.
The frilled lizard attacks as it pursues you!
The frilled lizard barely misses you.
You feel sick. The adder attacks as it pursues you!
The adder barely misses you. The adder bites you but does no damage.
You barely miss the adder.
You feel sick.
Your butterfly disappears in a burst of colours!
The adder bites you but does no damage.
You barely miss the adder.
You feel sick.
You are no longer poisoned.
The adder barely misses you.
The gnoll hits you from afar with a +0 halberd!
* * * LOW HITPOINT WARNING * * *
The adder barely misses you.
You completely miss the adder.
The gnoll hits you from afar with a +0 halberd!
You die...
Xom roars with laughter!

.##..####..##
.....##.....##
.............####
b...............#
.....##.........#
...#b###....g...#
..b#.##.........#
..##....##...gg###
..##.####..###lS@#
.. ..# #..#
###...# . ...
...(# #...# #....
##..## #.## #.#>..
.##... ###8.. ##8


You could see 3 gnolls, an adder and a frilled lizard.

Vanquished Creatures
  A gnoll (D:3)
  An adder (D:3)
  A dart slug (D:2)
  2 ball pythons (D:1)
  6 endoplasms
  2 goblins (D:2)
  2 hobgoblins
  A quokka (D:2)
  3 bats
  2 frilled lizards
  5 kobolds
  3 rats (D:3)
29 creatures vanquished.

Notes
Turn   | Place    | Note
-------+----------+-------------------------------------------
     0 | D:1      | HakonGodeson the Human Chaos Knight began the quest for the
                  | Orb.
     0 | D:1      | Reached XP level 1. HP: 18/18 MP: 1/1
   102 | D:1      | XOM: silly message
   119 | D:1      | XOM: divination: detect items
   788 | D:2      | Reached XP level 2. HP: 23/24 MP: 2/2
   810 | D:2      | XOM: potion effect (might)
   830 | D:2      | XOM: divination: detect creatures
   877 | D:2      | XOM: divination: detect creatures
   881 | D:2      | Reached skill level 1 in Short Blades
   928 | D:2      | Reached XP level 3. HP: 29/29 MP: 3/3
  1066 | D:3      | XOM: chaos upgrade
  1072 | D:3      | Slain by a gnoll

Illustrated notes

Levels and vault maps discovered:
D:1:      lemuel_arrival_room, layout_loops_ring
D:2:      layout_basic, chequers_ecumenical_altar_grove,
          minmay_misc_feat_hallway, minmay_tromino_i4
D:3:      layout_rooms, nicolae_overflow_hidden_temple, fedhas_altar_2,
          serial_park_tiny_1

Skill      XL: |  1  2 |
---------------+-------+-----
Short Blades   | 1 |  1.1
Fighting       | |  3.4
Long Blades    | |  3.7
Armour         | |  2.1
Dodging        | |  1.2
Stealth        | |  0.8

Action                     || total
---------------------------++-------
  Melee: Falchion          ||    61
         Punch             ||     1
    Use: Scroll            ||     7
   Stab: Sleeping          ||     1
 Armour: Leather armour    ||    47
  Dodge: Dodged            ||    49
